[Event "Chinese League Div-A Rapid 2022"]
[Site "Fuling,Chongqing"]
[Date "2022.09.19"]
[Round "11.21"]
[White "Xu, Jun"]
[Black "Liu, Qingnan"]
[Result "1-0"]
[ECO "A70"]
[WhiteElo "2474"]
[BlackElo "2542"]
[Annotator "TA"]
[PlyCount "89"]
[EventDate "2022.09.07"]
[EventType "team-tourn"]
[EventCountry "CHN"]
[SourceTitle "playchess.com"]
[Source "ChessBase"]
[SourceQuality "1"]
[TimeControl "1500+10"]

1. c4 Nf6 2. Nc3 e6 3. d4 c5 4. d5 exd5 5. cxd5 d6 6. e4 g6 7. h3 Bg7 8. Nf3 O-O 9. Bd3 Na6 10. O-O Nc7 11. Re1 $1 {[%emt 0:00:18] 11.Re1 is better than 11.a4.} Rb8 12. a4 a6 {[%emt 0:02:09] A70: Modern Benoni: 6 e4 g6 7 Nf3.} 13. Bf1 Nd7 14. Bf4 {[%emt 0:00:24] [#]} Ne8 $146 {[%emt 0:00:47] White is slightly better.} ({Predecessor:} 14... Ne5 15. Nxe5 dxe5 16. Be3 b6 17. a5 bxa5 18. Bxc5 Re8 19. Qd2 Ne6 20. Na4 {½-½ (20) Minero Pineda,S (2356)-Murillo Tsijli,A (2286) San Jose 2020}) 15. Rb1 {[%emt 0:01:27] White is much more active. The black rooks are badly placed.} Qc7 16. Qd2 Ne5 17. Nxe5 Bxe5 18. Bxe5 (18. Bh6 {seems wilder.} Ng7 19. Rec1 Qa5 20. b4) 18... dxe5 19. b4 c4 (19... cxb4 $14 20. Rxb4 Nd6) 20. b5 $16 Nd6 21. bxa6 $1 bxa6 22. Rxb8 Qxb8 23. Rb1 {[%emt 0:00:01] Inhibits Qb6.} Qa7 {[%emt 0:02:02] [#]} (23... Nxe4 $2 24. Qh6 $1 (24. Rxb8 Nxd2 25. Be2 Bf5 $11) 24... Qxb1 25. Nxb1 $18) 24. Qb2 $1 Qd4 {[%emt 0:01:36] [#]} 25. Qb6 $1 Qxc3 26. Qxd6 {[%emt 0:00:03] Black must now prevent Rb8.} Qc2 $2 {[%emt 0:00:06][%mdl 8192] Black cannot hold the game after this.} (26... Qd2 $16 {is more resistant.}) 27. Rb8 $18 Qxa4 28. Qc5 Qd7 29. Bxc4 Re8 30. d6 Kg7 31. Bd5 {[%emt 0:01:03] And now Bc6 would win.} Rd8 32. Bc6 Qe6 (32... Qxd6 $142 33. Qxd6 Rxd6 34. Rxc8 Rd1+ 35. Kh2 Rc1) 33. d7 {[%emt 0:01:12] Ba4 is the strong threat.} Bxd7 34. Rxd8 {[%emt 0:00:05] Threatening mate with Bd5.} Qxc6 35. Qxe5+ {[%emt 0:00:28][%mdl 4096] Endgame KQR-KQB} Kh6 36. Rg8 (36. g4 $142 Bxg4 37. hxg4) 36... f6 37. Qf4+ ({Inferior is} 37. Qe7 Qc1+ 38. Kh2 Qf4+ 39. Kh1 Qc1+ 40. Kh2 Qf4+ 41. Kh1 Qc1+ 42. Kh2 $11) 37... g5 38. Qe3 {[%emt 0:00:10] f4 would kill now.} Qd6 {[%emt 0:02:23] Inhibits f4.} (38... Qc4 $142) 39. h4 {[%emt 0:01:47][%cal Rg8g5] Intending Rxg5! and mate.} Qd1+ 40. Kh2 Qh5 41. g3 (41. Qc5 $142 Qxh4+ 42. Kg1 Bf5 43. Qxf5 Qf4 44. Qh3+ Qh4 45. Qd7 Qxe4 46. Qg7+ Kh5 47. Qf7+ Kh4 48. Qxf6) 41... Be6 42. Ra8 Bc4 43. Rc8 Bb5 44. e5 fxe5 45. Rg8 {[%emt 0:00:10] Weighted Error Value: White=0.27 (precise) /Black=1.16} 1-0

[Event "Chinese League Div-A Rapid 2022"]
[Site "Fuling,Chongqing"]
[Date "2022.09.19"]
[Round "11.22"]
[White "Lin, Chen"]
[Black "Huang, Renjie"]
[Result "1/2-1/2"]
[ECO "B40"]
[WhiteElo "2485"]
[BlackElo "2446"]
[Annotator "TA"]
[PlyCount "69"]
[EventDate "2022.09.07"]
[EventType "team-tourn"]
[EventCountry "CHN"]
[SourceTitle "playchess.com"]
[Source "ChessBase"]
[SourceQuality "1"]
[TimeControl "1500+10"]

1. e4 c5 2. Nf3 e6 3. g3 Nc6 4. Bg2 Nf6 5. Nc3 e5 {[%emt 0:00:08] CPLX 2.0 22 (Bf8-e7) (=22)} 6. d3 {[%emt 0:00:14] CPLX 2.0. B40: Sicilian: 2...e6, Unusual lines.} d6 {[%emt 0:00:13] CPLX 2.0 0 (Bf8-e7) (=11)} 7. Bg5 {[%emt 0:00:11] CPLX 2.0 15 (Nc3-d5) (=8)} Be7 {[%emt 0:00:02] BESTDEEP} 8. O-O {[%emt 0:00:43] CPLX 2.2 1 (Nf3-d2) (=5)} O-O {[%emt 0:00:04] CPLX 2.2 4 (Bc8-g4) (=7)} 9. Nd2 {[%emt 0:00:47] [#] CPLX 2.3 6 (a2-a4) (=6)} h6 $146 {[%emt 0:00:30] CPLX 2.3 15 (Bc8-g4) (=8)} ({Predecessor:} 9... Be6 10. Bxf6 Bxf6 11. Nc4 g6 12. a4 Rb8 13. Kh1 Bg7 14. Nd5 Bxd5 15. exd5 Ne7 {1-0 (66) Bernabeu Lopez,C (2308)-Domingo Nunez,R (2270) Roquetas de Mar 2017}) 10. Bxf6 {[%emt 0:00:03] EASY} Bxf6 {[%emt 0:00:01] RECAPT} 11. Nc4 {[%emt 0:00:14] CPLX 2.1 6 (Nc3-d5) (=5)} Be6 {[%emt 0:00:35] CPLX 2.2 31 (g7-g6) (=10)} 12. a4 {[%emt 0:00:16] CPLX 2.3 17 (Nc3-d5) (=6)} a6 {[%emt 0:00:43] CPLX 2.3 34 (g7-g6) (=13)} 13. Nd5 {[%emt 0:00:46] EASY} Bxd5 {[%emt 0:01:35] CPLX 2.6} 14. exd5 {[%emt 0:00:02] RECAPT} Na5 {[%emt 0:00:29] BESTDEEP} 15. Nd2 {[%emt 0:00:05] CPLX 2.2} b5 {[%emt 0:00:19] CPLX 2.0 12 (b7-b6) (=11)} 16. axb5 {[%emt 0:00:17] CPLX 2.0} axb5 {[%emt 0:00:01] RECAPT} 17. c3 {[%emt 0:00:02] CPLX 2.0 34 (h2-h4) (=7)} c4 {[%emt 0:01:15] CPLX 2.0} 18. dxc4 {[%emt 0:04:34] CPLX 2.5} Nxc4 {[%emt 0:00:06] RECAPT} 19. Qc2 {[%emt 0:00:07] CPLX 2.6 18 (Nd2xc4) (=7)} Nxd2 {[%emt 0:00:47] CPLX 2.8} 20. Qxd2 {[%emt 0:00:01] RECAPT} Qb6 {[%emt 0:00:03] CPLX 2.2} 21. h4 {[%emt 0:00:53] CPLX 2.3 0 (Bg2-e4) (=6)} Rfb8 {[%emt 0:00:27] CPLX 2.4 0 (h6-h5) (=7)} 22. Be4 {[%emt 0:00:30] CPLX 2.3 0 (Bg2-f3) (=6)} h5 {[%emt 0:00:52] BESTDEEP} 23. Qe3 {[%emt 0:03:03] CPLX 2.6} Qxe3 {[%emt 0:01:26] CPLX 2.6} 24. fxe3 {[%emt 0:00:02] RECAPT} Bd8 {[%emt 0:00:03] CPLX 2.2 0 (Ra8xa1) (=6)} 25. Bd3 {[%emt 0:00:18] CPLX 2.2 0 (Kg1-f2) (=5)} Rxa1 {[%emt 0:06:39] BESTDEEP} 26. Rxa1 $11 {[%emt 0:00:02][%mdl 4096] Endgame KRB-KRB. RECAPT} g6 {[%emt 0:00:38] CPLX 2.0 25 (b5-b4) (=7)} 27. e4 {[%emt 0:03:09] CPLX 2.0 25 (Kg1-f2) (=6)} b4 {[%emt 0:01:03] CPLX 2.0} 28. cxb4 {[%emt 0:00:20] BESTDEEP} Kf8 {[%emt 0:00:16] CPLX 2.0 37 (Bd8-b6) (=8)} 29. b5 {[%emt 0:00:14] BESTDEEP} Bb6+ {[%emt 0:00:01] CPLX 2.0} 30. Kg2 {[%emt 0:01:07] CPLX 2.0} Bd4 {[%emt 0:00:43] CPLX 2.0} 31. Ra6 {[%emt 0:00:19] CPLX 2.0 3 (Ra1-a2) (=5)} Ke7 {[%emt 0:00:02] EASY} 32. b3 {[%emt 0:00:13] CPLX 2.1} Bb6 {[%emt 0:00:30] BESTDEEP} 33. Kf3 {[%emt 0:00:29] CPLX 2.2 4 (Bd3-e2) (=5)} Kd7 {[%emt 0:00:05] BESTDEEP} 34. Ra2 {[%emt 0:00:22] CPLX 2.4 44 (g3-g4) (=6)} Rc8 {[%emt 0:00:05] BESTDEEP} 35. Rc2 {[%emt 0:01:25] Weighted Error Value: White=0.07 (flawless) /Black=0.06 (flawless)} 1/2-1/2

[Event "Chinese League Div-A Rapid 2022"]
[Site "Fuling,Chongqing"]
[Date "2022.09.19"]
[Round "11.23"]
[White "Chen, Qi b"]
[Black "Zhao, Jun"]
[Result "1/2-1/2"]
[ECO "C47"]
[WhiteElo "2485"]
[BlackElo "2619"]
[Annotator "TA"]
[PlyCount "45"]
[EventDate "2022.09.07"]
[EventType "team-tourn"]
[EventCountry "CHN"]
[SourceTitle "playchess.com"]
[Source "ChessBase"]
[SourceQuality "1"]
[TimeControl "1500+10"]

1. e4 e5 2. Nf3 Nc6 3. Nc3 Nf6 4. d4 Bb4 5. Nxe5 Qe7 6. Qd3 Bxc3+ {[%emt 0:00:00] C47: Scotch Four Knights and Four Knights with 4 g3.} 7. Qxc3 {[%emt 0:00:00] Black must now prevent Bd3.} ({But not} 7. bxc3 Nxe5 8. dxe5 Qxe5 $15) 7... Nxe4 8. Qe3 Nf6 {[%emt 0:00:00] White is slightly better.} 9. Nxc6 {[%emt 0:00:00][%csl Gc6][%cal Re3e7] [#] White is more active.} Qxe3+ $146 ({Predecessor:} 9... dxc6 10. Qxe7+ Kxe7 11. Bf4 Bf5 12. c4 Rhe8 13. f3 Kf8+ 14. Kf2 Rac8 15. g4 Be6 {1-0 (65) Aravindh,C (2606)-Ghosh,D (2538) chess24.com INT 2022}) 10. Bxe3 {[%emt 0:00:00] Threatens to win with Na5.} dxc6 11. f3 Nd5 12. Bf2 Bf5 13. O-O-O O-O-O 14. Bc4 Rhe8 15. Bxd5 cxd5 {[%emt 0:00:00] The position is equal.} 16. Rhe1 Kd7 17. Rxe8 Rxe8 18. Re1 Rxe1+ 19. Bxe1 $11 {[%emt 0:00:00] KB-KB} c6 20. c3 Bg6 21. Bf2 Bf5 22. Be1 Bg6 23. Bf2 {[%emt 0:00:00] Weighted Error Value: White=0.08 (flawless) /Black=0.05 (flawless)} 1/2-1/2

[Event "Chinese League Div-A Rapid 2022"]
[Site "Fuling,Chongqing"]
[Date "2022.09.19"]
[Round "11.24"]
[White "Liu, Manli"]
[Black "Yuan, Ye"]
[Result "1/2-1/2"]
[ECO "C42"]
[WhiteElo "2195"]
[BlackElo "2108"]
[Annotator "NA RC"]
[PlyCount "44"]
[EventDate "2022.09.07"]
[EventType "team-tourn"]
[EventCountry "CHN"]
[SourceTitle "playchess.com"]
[Source "ChessBase"]
[SourceQuality "1"]
[TimeControl "1500+10"]

1. e4 e5 2. Nf3 Nf6 3. Nxe5 d6 4. Nf3 Nxe4 5. d4 d5 6. Bd3 Be7 7. O-O Nc6 8. Nbd2 Nxd2 9. Qxd2 Nb4 10. Be2 Bf5 11. Ne1 O-O 12. c3 Nc6 13. Nd3 Bd6 14. Bf3 Be4 15. Bxe4 dxe4 16. Nc5 Bxc5 17. dxc5 Qe7 18. Qf4 Qxc5 19. Qxe4 Rfe8 20. Qc2 Nd4 21. Qd3 Ne2+ 22. Kh1 Nxc1 1/2-1/2

[Event "Chinese League Div-A Rapid 2022"]
[Site "Fuling,Chongqing"]
[Date "2022.09.19"]
[Round "11.25"]
[White "Gu, Xiaobing"]
[Black "Guo, Qi"]
[Result "1/2-1/2"]
[ECO "C01"]
[WhiteElo "2219"]
[BlackElo "2406"]
[Annotator "TA"]
[PlyCount "61"]
[EventDate "2022.09.07"]
[EventType "team-tourn"]
[EventCountry "CHN"]
[SourceTitle "playchess.com"]
[Source "ChessBase"]
[SourceQuality "1"]
[TimeControl "1500+10"]

1. e4 e6 2. d4 d5 3. exd5 exd5 4. Nf3 Nf6 5. Bd3 Bd6 6. O-O O-O 7. h3 h6 8. Nc3 {[%emt 0:00:02] CPLX 2.3} Re8 {[%emt 0:01:13] C01: French: Exchange Variation.} 9. Nb5 {[%emt 0:00:24] BESTDEEP} Nc6 {[%emt 0:00:22] CPLX 2.7 7 (Nf6-e4) (=4)} (9... Ne4 {feels hotter.} 10. Re1 Bf5 11. c3 Nc6) 10. Nxd6 {[%emt 0:00:16] CPLX 2.7 7 (c2-c3) (=2)} Qxd6 {[%emt 0:00:02] RECAPT. The position is equal.} 11. c3 {[%emt 0:04:08] [#] CPLX 2.4} Bd7 $146 {[%emt 0:02:23] CPLX 2.4 36 (Nf6-e4) (=11)} ({Predecessor:} 11... Ne4 12. c4 Nb4 13. Be2 dxc4 14. Bxc4 Be6 15. Bb3 Rad8 {½-½ (29) Mann,K (2008)-Giesen,D (2190) Hamburg 2018}) 12. Ne5 {[%emt 0:00:44] BESTDEEP} Nxe5 {[%emt 0:03:45] EASY} 13. Bf4 {[%emt 0:00:06][%mdl 64] [#] Pin. EASY} Qb6 {[%emt 0:00:01] CPLX 3.4 51 (Nf6-e4) (=16)} 14. dxe5 $16 {[%emt 0:02:07] EASY} Nh7 {[%emt 0:00:10] BESTDEEP} 15. Bxh7+ {[%emt 0:00:11] CPLX 3.1 25 (Bd3-c2) (=4)} Kxh7 {[%emt 0:00:01] RECAPT} 16. Qxd5 {[%emt 0:00:02] CPLX 3.7} Be6 {[%emt 0:00:04] CPLX 4.1 14 (Re8-e7) (=12)} 17. Qe4+ {[%emt 0:00:50] CPLX 4.2} Kh8 {[%emt 0:00:02] CPLX 2.7 4 (Kh7-g8) (=11)} 18. b3 {[%emt 0:00:31] CPLX 2.8} Rad8 {[%emt 0:00:22] CPLX 2.7} 19. Rfd1 {[%emt 0:00:23] CPLX 2.9 17 (Bf4-e3) (=4)} a5 {[%emt 0:01:19] BESTDEEP} 20. Rab1 {[%emt 0:02:17] CPLX 3.3 16 (Bf4-e3) (=5)} Qc6 {[%emt 0:00:14] CPLX 3.3 31 (Qb6-c5) (=11)} 21. Qxc6 {[%emt 0:01:21] EASY} bxc6 {[%emt 0:00:01] RECAPT} 22. Rd4 {[%emt 0:04:07] BESTDEEP} Rxd4 {[%emt 0:00:18] CPLX 2.2 0 (g7-g5) (=10)} 23. cxd4 {[%emt 0:00:01][%mdl 4096] Endgame KRB-KRB. RECAPT} Ra8 {[%emt 0:00:01] CPLX 2.0 0 (Re8-b8) (=9)} 24. Rc1 {[%emt 0:01:23] CPLX 2.0 31 (a2-a3) (=6)} Bd5 {[%emt 0:00:02] BESTDEEP} 25. Rc2 {[%emt 0:00:21] CPLX 2.0 4 (a2-a3) (=6)} a4 {[%emt 0:00:45] CPLX 2.0} 26. b4 {[%emt 0:00:06] BESTDEEP} a3 {[%emt 0:00:01] CPLX 2.0} 27. Bc1 {[%emt 0:02:17] BESTDEEP} Ra4 {[%emt 0:00:26] CPLX 2.0} 28. Rd2 {[%emt 0:01:13] CPLX 2.0 15 (Bc1-d2) (=5)} Rxb4 {[%emt 0:01:28] [#] And now ...Rb1 would win. CPLX 2.0 4 (Kh8-h7) (=7)} 29. Bxa3 {[%emt 0:00:02] EASY} Ra4 {[%emt 0:00:03] CPLX 2.0} 30. Bc5 {[%emt 0:00:03] CPLX 2.1 4 (Ba3-e7) (=5)} Rxa2 {[%emt 0:00:22] CPLX 2.0 30 (Bd5xa2) (=8)} 31. Rxa2 {[%emt 0:00:03] Weighted Error Value: White=0.06 (flawless) /Black=0.10 (very precise)} 1/2-1/2

[Event "Chinese League Div-A Rapid 2022"]
[Site "Fuling,Chongqing"]
[Date "2022.09.19"]
[Round "11.26"]
[White "Lu, Shanglei"]
[Black "Li, Di"]
[Result "1/2-1/2"]
[ECO "B20"]
[WhiteElo "2616"]
[BlackElo "2575"]
[Annotator "TA"]
[PlyCount "102"]
[EventDate "2022.09.07"]
[EventType "team-tourn"]
[EventCountry "CHN"]
[SourceTitle "playchess.com"]
[Source "ChessBase"]
[SourceQuality "1"]
[TimeControl "1500+10"]

1. c4 c5 2. e4 Nc6 3. Nc3 g6 4. f4 Bg7 5. Nf3 e6 6. d3 {[%emt 0:00:43] B20: Sicilian: Unusual White 2nd moves.} Nge7 7. g3 O-O 8. Bg2 {[%emt 0:00:25] Black has an edge.} d5 9. e5 a6 10. O-O {[%emt 0:01:23] [#]} b5 $146 ({Predecessor:} 10... b6 11. g4 Ra7 12. Qe2 Rd7 13. Bd2 Bb7 14. Be1 Nd4 15. Nxd4 {½-½ (15) Ruckschloss,K (2273)-Pacher,M (2201) Slovakia 2005}) 11. Qe2 Rb8 12. Qf2 Qb6 13. b3 f6 14. exf6 (14. Ba3 $5 ) 14... Bxf6 15. Bb2 Bg7 ({Black should play} 15... Nd4 $15) 16. Kh1 d4 17. Ne4 e5 (17... bxc4 $11 18. Ba3 (18. dxc4 Nb4 $15) 18... Nb4 19. Bxb4 cxb4 20. bxc4 Nf5) 18. Rae1 (18. Ba3 $14) 18... exf4 $15 19. gxf4 Nf5 {[%emt 0:00:14] Inhibits Nd6. ...Nb4 is the strong threat.} (19... Rxf4 20. Qg3 Rf8 21. Qd6 $11) (19... bxc4 $5 20. Ba3 Nb4 21. Bxb4 cxb4 $11) 20. Nh4 ({White should try} 20. Bc1 $15) 20... Ne3 21. Ng5 $2 (21. Ba3 $17 b4 22. Bc1 Nxf1 23. Qxf1) 21... Nb4 $19 (21... Nxf1 $2 22. Bd5+ Be6 23. Bxe6+ Rf7 24. Bxf7+ $18) 22. Be4 (22. Qg3 Nxf1 23. Rxf1) 22... Bb7 23. Qf3 Bxe4 24. dxe4 Nbc2 25. Qh3 (25. cxb5 {is a better defense.} Nxe1 26. Rxe1) 25... Nxe1 26. Rxe1 Rxf4 27. Rxe3 Qf6 $2 (27... h6 $19 {is more deadly.} 28. Nhf3 hxg5 29. Nxg5 Qf6 30. Qh7+ Kf8) 28. Nhf3 (28. Rf3 $17 {might work better.} Qxg5 29. Bc1 Qxh4 30. Qe6+ Kh8 31. Bxf4) 28... h6 29. Ne6 {[%emt 0:00:01] [#]} bxc4 $1 30. Nxf4 $11 {[%emt 0:00:05] The position is equal.} Qxf4 31. Re1 ({But not} 31. Qe6+ $2 Kh8 32. Re2 c3 $19) 31... Rf8 32. Kg2 c3 33. Bc1 Qf7 34. e5 d3 35. e6 Qe7 {[%emt 0:00:01] White must now prevent ...d2.} 36. Bxh6 d2 37. Nxd2 cxd2 38. Bxd2 {[%emt 0:00:02] And now Qg4 would win. The board is on fire.} Bd4 {[%emt 0:00:05] ( -> ...Qb7+)} 39. Be3 Qb7+ 40. Kg1 $1 {[%emt 0:00:01] aiming for Bxd4.} Rf3 41. Bxd4 Rxh3 42. e7 Qxe7 43. Rxe7 cxd4 {[%emt 0:00:01][%mdl 4096] Endgame KR-KR} 44. Re6 Kf7 45. Rxa6 Rc3 46. Kf2 Rc2+ 47. Kf3 Rxh2 48. Ke4 Rd2 49. a4 g5 50. Rd6 Rb2 $1 51. Rxd4 {[%emt 0:00:14] Strongly threatening b4.} Rxb3 {[%emt 0:00:02] White happily takes the draw.  Weighted Error Value: White=0.30/Black=0.24 (precise)} 1/2-1/2

[Event "Chinese League Div-A Rapid 2022"]
[Site "Fuling,Chongqing"]
[Date "2022.09.19"]
[Round "11.27"]
[White "Xu, Minghui"]
[Black "Xu, Xiangyu"]
[Result "0-1"]
[ECO "A04"]
[WhiteElo "2408"]
[BlackElo "2571"]
[Annotator "TA"]
[PlyCount "120"]
[EventDate "2022.09.07"]
[EventType "team-tourn"]
[EventCountry "CHN"]
[SourceTitle "playchess.com"]
[Source "ChessBase"]
[SourceQuality "1"]
[TimeControl "1500+10"]

1. Nf3 g6 2. g3 Bg7 3. Bg2 e5 4. O-O Ne7 5. c4 c6 6. e4 {[%emt 0:00:17] A04: Unusual lines after 1 Nf3 and King's Indian Attack.} O-O 7. Nc3 d6 8. d4 {[%emt 0:00:29] White is slightly better.} h6 {[%emt 0:00:25] [#]} 9. Re1 $146 ({Predecessor:} 9. Be3 g5 10. Qd2 f5 11. exf5 Nxf5 12. dxe5 dxe5 13. Qxd8 Rxd8 {½-½ (13) Dragasevic,D (2229)-Savic,B (1932) Kragujevac 2016}) 9... Bg4 10. Be3 Nd7 11. d5 c5 12. Qd2 Kh7 13. Nh4 Ng8 ({Black should play} 13... f5 $14) 14. Rf1 Bf6 15. f3 Bh5 16. Nf5 gxf5 $11 17. exf5 e4 (17... Bg5 $11) 18. Nxe4 $14 Re8 19. Nxf6+ (19. Nxd6 $2 Rxe3 $1 20. Kh1 (20. Qxe3 $2 Bd4 $19) 20... Qe7 $19) 19... Qxf6 20. g4 Ne5 21. b3 (21. gxh5 $2 Nxc4 22. Qc3 Nxe3 $19) 21... Ne7 22. Rae1 Nxf5 23. gxf5 Rg8 {[%emt 0:00:14] aiming for ...Nxf3+.} 24. Kh1 Qxf5 25. Bf4 {[%emt 0:00:51] Bxe5 is the strong threat.} ({Reject} 25. Bxh6 Rxg2 26. Qxg2 Rg8 $17) 25... Nd3 $36 {[%emt 0:01:36][%mdl 2048] Black is pushing.} 26. Re4 Nxf4 27. Qxf4 Qxf4 ({But not} 27... Qg6 28. Bh3 Qg5 29. Qxg5 hxg5 30. Re7 $14) 28. Rxf4 Bg6 29. Kg1 (29. Rg1 $11 {keeps the balance.}) 29... Rae8 $17 30. Rf6 (30. Rf2 $17 {is a better defense.}) 30... Bd3 $19 {[%emt 0:02:09] Strongly threatening ...Re2.} 31. Rd1 Re2 $1 32. Rxf7+ Kh8 33. Rxd3 Rgxg2+ {[%emt 0:00:02][%mdl 4096] Endgame KRR-KRR} 34. Kf1 Ref2+ 35. Ke1 Rxa2 36. Kf1 {[%emt 0:00:08] Inhibits Rg1+.} Rxh2 37. Kg1 {[%emt 0:00:18] Inhibits Rh1+.} Rag2+ 38. Kf1 Rb2 39. Kg1 {[%emt 0:00:09] Against Rh1+} Rhc2 {[%emt 0:00:08] ( -> ...Rb1+)} 40. Rd1 {[%emt 0:00:18] Prevents Rb1.} Rg2+ 41. Kh1 Rh2+ $1 42. Kg1 Rbg2+ 43. Kf1 Rg7 $1 44. Rxg7 (44. Rf8+ $142 Rg8 45. Rxg8+ Kxg8 46. Rd3) 44... Kxg7 {[%emt 0:00:02] KR-KR} 45. Kg1 {[%emt 0:00:13] Against Rh1+} Re2 46. Rd3 Kf6 47. Kf1 Re7 48. Kf2 Kf5 {[%emt 0:00:36] Threatens to win with ...Kf4.} 49. Rd1 {[%emt 0:00:14] [#]} b5 $1 {[%emt 0:00:21] And now ...bxc4 would win.} 50. cxb5 (50. Rh1 {was called for.}) 50... Rb7 51. Ra1 Ke5 ({Don't go for} 51... Rxb5 $2 52. Rxa7 Rxb3 53. Re7 $19) 52. Ke2 (52. Re1+ {was necessary.} Kxd5 53. Re3) 52... Kxd5 53. Ra5 $2 (53. Kd3) 53... h5 54. Kd3 (54. f4 $142 h4 55. Kf3) 54... h4 55. Kc3 Rf7 56. Ra4 Rxf3+ 57. Kb2 Rf7 $2 (57... h3 $19 {is more deadly.} 58. Rxa7 c4 59. bxc4+ Kxc4) 58. Rxh4 $17 {[%emt 0:00:09] [#]} Rb7 $1 59. Ra4 $2 (59. Rh5+ $17 Ke6 60. Rh6+ Kd7 61. Rh7+ Kc8 62. Rh8+ Kc7 63. Kc2) 59... Rxb5 $19 60. Rxa7 $2 (60. Kc3) 60... c4 {[%emt 0:00:03] Weighted Error Value: White=0.65/Black=0.30} 0-1